 Dungeon Crawl Stone Soup version 0.17-a0-2093-gc772f4b (webtiles) character file.

86 brucemayne the Chopper (level 4, -1/39 HPs)
             Began as a Hill Orc Berserker on Oct 16, 2015.
             Was a Believer of Trog.
             Succumbed to poison (a potion of poison)
             ... on level 4 of the Dungeon.
             The game lasted 00:03:53 (882 turns).

brucemayne the Chopper (Hill Orc Berserker)          Turns: 882, Time: 00:03:53

Health: -1/39      AC:  8    Str: 20      XL:     4   Next: 50%
Magic:  4/4        EV: 11    Int:  5 (7)  God:    Trog [**....]
Gold:   94         SH:  0    Dex: 10      Spells: 0 memorised, 3 levels left

rFire  . . .     SeeInvis .     a - +0 hand axe
rCold  . . .     Clarity  .     g - +0 ring mail
rNeg   . . .     SustAt   .     (no shield)
rPois  .         Gourm    .     i - +0 helmet
rElec  .         Spirit   .     d - +0 cloak
rCorr  .         Warding  .     l - +0 pair of gloves
rMut   .         Stasis   .     (no boots)
MR     .....                    (no amulet)
Stlth  ..........               (no ring)
                                (no ring)

@: lethally poisoned (-1 -> -20), exhausted, slowed, very slow, not resistant to
hostile enchantments, extremely unstealthy
A: no striking features
a: Burn Spellbooks, Berserk, Trog's Hand, Renounce Religion


You were on level 4 of the Dungeon.
You worshipped Trog.
Trog was pleased with you.
You were very hungry.

You visited 2 branches of the dungeon, and saw 5 of its levels.

You collected 94 gold pieces.

Inventory:

Hand Weapons
 a - a +0 hand axe (weapon)
Armour
 b - a +0 animal skin
 d - a +0 cloak (worn)
 g - a +0 ring mail (worn)
 i - a +0 helmet (worn)
 l - a +0 pair of gloves (worn)
Wands
 m - a wand of disintegration (6)
 p - a wand of digging (17)
Scrolls
 e - a scroll of teleportation {unknown}
 h - a scroll of recharging {unknown}
 j - 2 scrolls of identify {unknown}
Potions
 q - a potion of brilliance {unknown}
Books
 n - a book of Dreams

   Spells                             Type                      Level
   a - Ensorcelled Hibernation        Hexes/Ice                    2
   b - Phase Shift                    Translocation                5
   c - Shadow Creatures               Summoning                    5
   d - Silence                        Hexes/Air                    5
   e - Darkness                       Hexes                        6
   f - Mass Confusion                 Hexes                        6
   Trog disapproves of the use of such an item.
Comestibles
 c - 2 bread rations
 f - 3 chunks of flesh


   Skills:
 - Level 3.6 Fighting
 + Level 6.8 Axes
 - Level 2.1 Armour
 - Level 1.5 Dodging


You had 3 spell levels left.
You didn't know any spells.

Dungeon Overview and Level Annotations

Branches:
Dungeon (4/15)             Temple (1/1) D:4

Altars:
Dithmenos
Gozag
Makhleb
Yredelemnul
The Shining One

Annotations:
D:4 Menkaure, Pikel


Message History

Pikel is severely wounded.
You are no longer berserk.
Trog's vigour flows through your veins.
You are exhausted.
You feel yourself slow down.
You are feeling very hungry.
Pikel hits you with a whip of flaming!
* * * LOW HITPOINT WARNING * * *
Pikel burns you.
* * * LOW HITPOINT WARNING * * *
Drink which item? (? for menu, Esc to quit)
It was a potion of degeneration.
There was something very wrong with that liquid.
You feel dopey.
* * * LOW HITPOINT WARNING * * *
You feel sick. Pikel hits you but does no damage.
A slave comes into view.
Drink which item? (? for menu, Esc to quit)
It was a potion of poison.
That liquid tasted very nasty...
You are more poisoned.
You die...

#.......#...### ##..
##..........## #...#
##......###'### #...#
##.......#.....# #...#
#........#.###.### #...#
.........+.#>#.pp# #...##
.........#.#'#.#p#
#....####
.........#.....#K#
#.......#
.........###'###@####.<..#
....###).).....#.......###
...## ##.).............#
..## #†).########....#
...#####..## ###..#
.......)..# #..#
......))..# #..#
.########## #..# .# #..#


You could see Pikel and 3 slaves.

Vanquished Creatures
  Robin (D:4)
  4 adders
  An ooze (D:4)
  An orc (D:3)
  13 goblins
  A quokka (D:2)
  4 bats
  2 giant cockroaches
  2 giant newts (D:1)
  3 kobolds
  4 rats
36 creatures vanquished.

Vanquished Creatures (others)
  A kobold (D:2)
1 creature vanquished.

Grand Total: 37 creatures vanquished

Notes
Turn   | Place    | Note
--------------------------------------------------------------
     0 | D:1      | brucemayne the Hill Orc Berserker began the quest for the Orb.
     0 | D:1      | Reached XP level 1. HP: 19/19 MP: 1/1
   300 | D:1      | Reached XP level 2. HP: 16/26 MP: 2/2
   402 | D:2      | Reached skill level 5 in Axes
   447 | D:2      | Reached XP level 3. HP: 11/31 MP: 3/3
   540 | D:2      | Reached ** piety under Trog
   701 | D:3      | Reached skill level 6 in Axes
   738 | D:4      | Found a staircase to the Ecumenical Temple.
   761 | Temple   | Entered the Ecumenical Temple
   774 | D:4      | Noticed Robin
   785 | D:4      | Reached XP level 4. HP: 21/39 MP: 4/4
   799 | D:4      | Killed Robin
   839 | D:4      | Noticed a slave
   840 | D:4      | Noticed a slave
   840 | D:4      | Noticed Menkaure
   846 | D:4      | Noticed Pikel
   881 | D:4      | HP: 1/39 [poisoned by an adder]
   882 | D:4      | Noticed a slave
   882 | D:4      | Succumbed to poison (a potion of poison)

Vault maps used:
D:1:      elethiomel_arrival_shortcut, minmay_misc_feat_alley
D:2:      xom_butterflies, lexackson_kobold_supper
D:3:      first_bread, gup_sewer_entry_bubbles, minmay_stone_trees_small,
          minmay_tree_intersection, uniq_iyjb
D:4:      tgw_trog, minmay_temple_entry_glassed_door, kennysheep_orc_chapel,
          uniq_robin, uniq_pikel, uniq_menkaure
Temple:   circular_temple_12

Action                   |  1- 3 |  4- 6 || total
-------------------------+-------+-------++-------
Melee: Hand axe          |   113 |    31 ||   144
Invok: Berserk           |     2 |     2 ||     4
       Trog's Hand       |       |     2 ||     2
  Use: Potion            |       |     2 ||     2
  Eat: Chunk             |     2 |     1 ||     3
